 Dungeon Crawl Stone Soup version 0.27.0-1-g7a089689b8 (webtiles) character file.

Game seed: 4109967798793315671

130 Descartes the Sneak (level 4, 0/19 (22) HPs)
             Began as a Spriggan Wanderer on Aug 10, 2021.
             Slain by a necrophage (1 damage)
             ... on level 5 of the Dungeon.
             The game lasted 00:04:21 (2590 turns).

Descartes the Sneak (Spriggan Wanderer)             Turns: 2590, Time: 00:04:22

HP:   0/19 (22)     AC:  2    Str: 10    XL:     4   Next: 90%
MP:   5/5           EV: 18    Int: 12    God:
Gold: 102           SH:  0    Dex: 14    Spells: 3/3 levels left

rFire    . . .     SeeInvis +   b - +0 dagger
rCold    . . .     Faith    .   (shield restricted)
rNeg     . . .     Spirit   .   c - +0 robe
rPois    .         Reflect  .   (helmet restricted)
rElec    .         Harm     .   (no cloak)
rCorr    .         Rampage  .   (gloves unavailable)
Will     .....                  (boots unavailable)
Stlth    ++++......             (no amulet)
HPRegen  0.06/turn              (no ring)
MPRegen  0.09/turn              (no ring)

@: heavily drained, very quick
A: very small, no large weapons, unfitting armour, see invisible, speed 3
a: no special abilities


You were on level 5 of the Dungeon.
You visited 1 branch of the dungeon, and saw 4 of its levels.

You collected 102 gold pieces.

Inventory:

Hand Weapons
 a - a +2 shortbow
 b - a +0 dagger (weapon)
Missiles
 e - 43 arrows
 k - 76 stones
 x - 6 boomerangs
Armour
 c - a +0 robe (worn)
Jewellery
 s - a ring of protection from fire
 v - a ring of fire
Scrolls
 f - 2 scrolls of identify {unknown}
 i - 5 scrolls of teleportation {unknown}
 j - 2 scrolls of magic mapping {unknown}
 p - a scroll of enchant armour {unknown}
 r - a scroll of noise {unknown}
 t - a scroll of enchant weapon {unknown}
 w - a scroll of fear {unknown}
Potions
 d - a potion of curing
 g - a potion of heal wounds {unknown}
 h - a potion of lignification {unknown}
 l - a potion of might {unknown}
 m - a potion of ambrosia {unknown}
 n - 2 potions of cancellation {unknown}
 o - a potion of berserk rage {unknown}
 q - a potion of degeneration {unknown}
 u - a potion of magic {unknown}


   Skills:
 - Level 1.0 Fighting
 + Level 2.8 Short Blades
 - Level 2.4 Bows
 + Level 4.4 Dodging
 + Level 7.3 Stealth
 - Level 1.0 Shields


You had 3 spell levels left.
You didn't know any spells.
Your spell library contained the following spells:

 Spells                   Type           Power      Damage    Failure   Level
 Portal Projectile        Hex/Tloc       0%         N/A       69%         3
 Blade Hands              Tmut           0%         N/A       100%        5
 Excruciating Wounds      Necr           0%         N/A       100%        5


Dungeon Overview and Level Annotations

Branches:
Dungeon (3/15)

Altars:


Innate Abilities, Weirdness & Mutations

You are very small and have problems with some larger weapons.
You are too small for most types of armour.
You have supernaturally acute eyesight. (SInv)
You cover ground extremely quickly. (Speed+++)


Message History

The necrophage is heavily damaged.
The necrophage completely misses you.
You hit the necrophage.
The necrophage is severely damaged.
The necrophage misses you.
You closely miss the necrophage.
The necrophage is severely damaged.
The necrophage barely misses you.
You hit the necrophage.
The necrophage is severely damaged.
You completely miss the necrophage.
The necrophage is severely damaged.
The necrophage misses you.
You closely miss the necrophage.
The necrophage is severely damaged.
The necrophage closely misses you.
You hit the necrophage but do no damage.
The necrophage is severely damaged.
The necrophage hits you.
You feel drained.
You barely miss the necrophage.
The necrophage is severely damaged.
The necrophage barely misses you.
You hit the necrophage.
The necrophage is severely damaged.
The necrophage hits you.
* * * LOW HITPOINT WARNING * * *
You hit the necrophage.
The necrophage is almost destroyed.
The necrophage closely misses you.
You hit the necrophage.
The necrophage is almost destroyed.
You closely miss the necrophage.
The necrophage is almost destroyed.
The necrophage closely misses you.
You closely miss the necrophage.
The necrophage is almost destroyed.
The necrophage hits you.
* * * LOW HITPOINT WARNING * * *
You feel drained.
You die...

##...........
##............
.#.............
..>..........
............
#.........# .
..........#....
#.....@n......
..#.##.##......
#.. ..... #.8
.(.( #.. ...
##. .( .. . ..


You could see a necrophage.

Vanquished Creatures
  4 adders
  3 gnolls (D:2)
  3 worms
  A dart slug (D:1)
  2 ball pythons (D:2)
  6 bats
  5 endoplasms (D:1)
  A giant cockroach (D:3)
  3 goblins
  10 hobgoblins
  2 jackals (D:2)
  6 kobolds
  A quokka (D:1)
  4 frilled lizards
  A rat (D:3)
52 creatures vanquished.

Vanquished Creatures (others)
  A fungus (D:1)
  2 plants (D:1)
3 creatures vanquished.

Grand Total: 55 creatures vanquished

Notes
Turn   | Place    | Note
-------+----------+-------------------------------------------
     0 | D:1      | Descartes the Spriggan Wanderer began the quest for the
                  | Orb.
     0 | D:1      | Descartes set off with the following items: a +2 shortbow,
                  | 25 arrows, a +0 robe, a potion of curing, a +0 dagger
     0 | D:1      | Reached XP level 1. HP: 10/10 MP: 2/2
    32 | D:1      | Reached skill level 6 in Stealth
   113 | D:1      | Reached XP level 2. HP: 14/14 MP: 3/3
   177 | D:1      | Reached skill level 1 in Short Blades
   253 | D:1      | Found a faded altar of an unknown god.
   976 | D:2      | Reached XP level 3. HP: 18/18 MP: 4/4
  1514 | D:2      | Reached XP level 4. HP: 22/22 MP: 5/5
  1545 | D:2      | Reached skill level 7 in Stealth
  2565 | D:3      | You fall into a shaft and drop 2 floors!
  2565 | D:5      | Entered Level 5 of the Dungeon
  2566 | D:5      | Noticed a necrophage
  2590 | D:5      | HP: 1/20 [necrophage (5)]
  2590 | D:5      | Slain by a necrophage

Illustrated notes

Levels and vault maps discovered:
D:1:      dpeg_arrival_round_b, layout_rooms,
          shapermc_ecumenical_altar_mp_urbaneastern
D:2:      layout_loops_corners, minmay_tromino_v7
D:3:      layout_loops_ring, uniq_crazy_yiuf_cottage
D:5:      layout_cave_pools, led_xom_imps, minmay_temple_entry_antechambers

Skill      XL: |  1  2  3  4 |
---------------+-------------+-----
Stealth        | 6 7 |  7.3
Dodging        | 3 4 |  4.4
Short Blades   | 1 2 |  2.8
Fighting       | |  1.0
Bows           | |  2.4
Shields        | |  1.0

Action                   |  1- 3 |  4- 6 || total
-------------------------+-------+-------++-------
Melee: Dagger            |    18 |    24 ||    42
 Fire: Shortbow          |    76 |    71 ||   147
Armor: Robe              |     6 |     4 ||    10
Dodge: Dodged            |    21 |    34 ||    55
